 Dungeon Crawl Stone Soup version 0.18.1-6-gd335043 (webtiles) character file.

259 mopl the Cleaver (level 6, -8/51 HPs)
             Began as a Hill Orc Fighter on May 19, 2016.
             Killed by divine providence
             ... invoked by an orc priest
              (13 damage)
             ... on level 3 of the Dungeon.
             The game lasted 00:02:58 (2128 turns).

mopl the Cleaver (Hill Orc Fighter)                 Turns: 2128, Time: 00:03:00

Health: -8/51      AC: 12    Str: 19    XL:     6   Next: 17%
Magic:  6/6        EV:  1    Int:  8    God:
Gold:   124        SH:  9    Dex: 12    Spells: 0 memorised, 5 levels left

rFire  . . .     SeeInvis .     a - +0 war axe
rCold  . . .     Gourm    .     k - +0 plate armour
rNeg   . . .     Faith    .     c - +0 shield
rPois  .         Spirit   .     p - +0 helmet
rElec  .         Dismiss  .     (no cloak)
rCorr  .         Reflect  .     (no gloves)
SustAt .         Harm     .     (no boots)
MR     .....                    (no amulet)
Stlth  ..........               (no ring)
                                r - -2 ring of evasion (curse)

@: very slightly contaminated, hasted, very quick, not resistant to hostile
enchantments, extremely unstealthy
A: no striking features
a: Convert to Beogh


You were on level 3 of the Dungeon.
You were not hungry.

You visited 1 branch of the dungeon, and saw 3 of its levels.

You collected 124 gold pieces.

Inventory:

Hand Weapons
 a - a +0 war axe (weapon)
Armour
 c - a +0 shield (worn)
 k - a +0 plate armour (worn)
 p - a +0 helmet (worn)
Jewellery
 r - a cursed -2 ring of evasion (left hand)
Scrolls
 d - a scroll of blinking {unknown}
 h - a scroll of noise {unknown}
 i - a scroll of remove curse {unknown}
 j - a scroll of enchant weapon {unknown}
 n - 3 scrolls of identify {unknown}
 o - a scroll of random uselessness {unknown}
 s - a scroll of fog {unknown}
 v - a scroll of recharging {unknown}
 w - a scroll of amnesia {unknown}
Potions
 b - a potion of flight {unknown}
 e - 3 potions of haste
 l - 2 potions of heal wounds {unknown}
 m - 2 potions of resistance
 q - a potion of cure mutation {unknown}
 t - a potion of curing {unknown}
Comestibles
 f - 2 bread rations
 g - a slice of pizza
 u - 6 chunks of flesh


   Skills:
 - Level 3.6 Fighting
 * Level 8.3 Axes
 - Level 3.2 Armour
 - Level 3.2 Shields


You had 5 spell levels left.
You didn't know any spells.

Dungeon Overview and Level Annotations

Branches:
Dungeon (3/15)

Altars:


Message History

The orc priest is heavily wounded.
The orc priest invokes the aid of Beogh against you.
Beogh smites you!
The orc priest calls down the wrath of Beogh upon you.
Pain shoots through your body!
* * * LOW HITPOINT WARNING * * *
The orc priest hits you but does no damage.
You hear a shout!
Drink which item? (? for menu, Esc to quit)
It was a potion of haste.
You feel yourself speed up. You block the orc priest's attack.
You are very lightly contaminated with residual magic.
Your shield and plate armour prevent you from hitting the orc priest.
The orc priest shouts, "Surrender to Beogh and we'll let you live!"
You closely miss the orc priest.
The orc priest is heavily wounded.
The orc priest hits you but does no damage.
The orc priest mumbles some strange prayers to Beogh against you.
Beogh smites you!
You die...

#. #.S#### #.
#..# .. #. # #.
#.o.##.###
#.....((o#
#.....o#o#####.##
##.#####@o.......
#.###..... #.#
.###. #.##..# ..#
#.##..### ..#
##.##..... ..#
#......... ..#
#.#....... ..#
#........###..#
#.


You could see 3 orc priests.

Vanquished Creatures
  The ghost of ThereIsNoGod the Skirmisher, an amateur GrFi (D:3)
  An orc priest (D:3)
  3 adders
  An ooze (D:3)
  A worm (D:3)
  A dart slug (D:2)
  3 giant geckos (D:3)
  11 orcs (D:3)
  3 ball pythons
  5 giant cockroaches
  3 hobgoblins
  2 bats
  5 giant newts
  10 goblins
  9 kobolds
  7 rats
66 creatures vanquished.

Notes
Turn   | Place    | Note
--------------------------------------------------------------
     0 | D:1      | mopl the Hill Orc Fighter began the quest for the Orb.
     0 | D:1      | Reached XP level 1. HP: 19/19 MP: 1/1
   118 | D:1      | Reached skill level 3 in Axes
   210 | D:1      | Reached XP level 2. HP: 26/26 MP: 2/2
   404 | D:1      | Reached skill level 4 in Axes
   870 | D:2      | Reached XP level 3. HP: 31/31 MP: 3/3
  1261 | D:2      | Reached skill level 5 in Axes
  1701 | D:3      | Reached XP level 4. HP: 36/39 MP: 4/4
  1708 | D:3      | Noticed ThereIsNoGod's ghost (amateur GrFi)
  1715 | D:3      | Killed ThereIsNoGod's ghost
  1715 | D:3      | Reached skill level 7 in Axes
  1715 | D:3      | Reached XP level 5. HP: 37/45 MP: 5/5
  2081 | D:3      | Reached skill level 8 in Axes
  2081 | D:3      | Reached XP level 6. HP: 47/51 MP: 6/6
  2128 | D:3      | Killed from afar by an orc priest

Skill      XL: |  1  2  3  4  5 |
---------------+----------------+-----
Axes           | 3 4 5 7 8 |  8.3
Fighting       | |  3.6
Armour         | |  3.2
Shields        | |  3.2

Action                   |  1- 3 |  4- 6 || total
-------------------------+-------+-------++-------
Melee: War axe           |   141 |    97 ||   238
  Use: Potion            |       |     2 ||     2
  Eat: Chunk             |     2 |     2 ||     4
Armor: Scale mail        |    58 |       ||    58
       Plate armour      |       |    64 ||    64
Dodge: Dodged            |    37 |     3 ||    40
Block: Shield            |    77 |    42 ||   119
